 Dungeon Sprint DCSS version 0.21.1-1-g345015f (webtiles) character file.

447944 equalderp2856 the Minotaur Barricade (level 18, -9/200 HPs)
             Began as a Minotaur Fighter on May 28, 2018.
             Was an Initiate of Gozag.
             Mangled by Antaeus (46 damage)
             ... while paralysed by Ereshkigal
             ... in the Dungeon (Sprint IX: "|||||||||||||||||||||||||||||").
             The game lasted 00:57:59 (30329 turns).

equalderp2856 the Minotaur Barricade (MiFi)        Turns: 30329, Time: 00:57:59

Health: -9/200     AC: 41    Str: 28    XL:     18   Next: 11%
Magic:  17/27      EV:  2    Int: 11    God:    Gozag
Gold:   849        SH:  0    Dex: 11    Spells: 17/17 levels left

rFire    + + +     SeeInvis +   U - +3 broad axe (freeze)
rCold    . . .     Gourm    .   s - +3 large shield {rF+}
rNeg     . . .     Faith    .   X - +4 plate armour {rC+}
rPois    +         Spirit   .   Y - +3 crown of Dyrovepreva {rElec Int+2 SInv}
rElec    +         Reflect  +   t - +0 cloak
rCorr    .         Harm     .   K - +2 pair of gloves
MR       +....     NoTele   +   V - +0 pair of boots of the Shrike {rF+}
Stlth    ++++......             q - amulet "Rir Ceene" {Reflect rPois SH+2}
HPRegen  0.43/turn              Q - +4 ring of protection
MPRegen  0.20/turn              C - ring "Pialo" {Fire +Blink Str+6}

@: paralysed, frozen, silenced, drained, bribing [the Dungeon], very slow
A: retaliatory headbutt, horns 2, clumsy 1, MP-powered wands
}: 11/15 runes: decaying, serpentine, barnacled, slimy, elven, silver, golden,
iron, abyssal, glowing, gossamer
a: Renounce Religion, Evoke Blink


You were in the Dungeon.
You worshipped Gozag.
Gozag was pleased with you.
You were not hungry.

You visited 1 branch You collected 46642 gold pieces.
You spent 4770 gold pieces at shops.
You paid 41023 gold pieces to Gozag.

Inventory:

Hand Weapons
 g - the +4 staff of Dispater
   (You took it off Dispater in the Dungeon)
 p - a +1 broad axe of freezing
 r - the +5 double sword of Trog's Benevolence {elec, rElec rF+ rN+ Str-4 Int+3}
   (You found it in the Dungeon)

   Occasionally, upon striking a foe, it will discharge some electrical energy
   and cause terrible harm.
   It affects your strength (-4).
   It affects your intelligence (+3).
   It protects you from fire.
   It insulates you from electricity.
   It protects you from negative energy.
 u - a +2 scimitar of holy wrath
 w - a +5 vampiric executioner's axe
 J - a +1 double sword
 O - a +2 vampiric broad axe
 S - a +7 broad axe
 T - a +1 demon blade of pain
 U - a +3 broad axe of freezing (weapon)
Armour
 a - a scarf of cloud immunity
 s - a +3 large shield of fire resistance (worn)
 t - a +0 cloak (worn)
 D - a +2 shield
 G - a +2 hat of intelligence
 K - a +2 pair of gloves (worn)
 L - a +2 scale mail of magic resistance
 M - +1 fire dragon scales
 V - the +0 pair of boots of the Shrike (worn) {rF+}
   (You found it in the Dungeon)

   It protects you from fire.
 X - a +4 plate armour of cold resistance (worn)
 Y - the +3 crown of Dyrovepreva (worn) {rElec Int+2 SInv}
   (You bought it in a shop in the Dungeon)

   It affects your intelligence (+2).
   It insulates you from electricity.
   It lets you see invisible.
Jewellery
 c - the amulet "Viupit" {+Rage rC+}
   (You found it in the Dungeon)

   [amulet of rage]

   It protects you from cold.
   It lets you go berserk.
 j - an uncursed ring of protection from cold
 o - an uncursed ring of fire
 q - the amulet "Rir Ceene" (around neck) {Reflect rPois SH+2}
   (You found it in the Dungeon)

   [amulet of reflection]

   It shields you and reflects attacks.
   It protects you from poison.
   It affects your SH (+2).
 C - the ring "Pialo" (right hand) {Fire +Blink Str+6}
   (You found it in the Dungeon)

   [ring of fire]

   It enhances your fire magic.
   It affects your strength (+6).
   It protects you from fire.
   It makes you vulnerable to cold.
   It lets you blink.
 E - the ring "Loaclong" {rPois MR- Str+4 Stlth+}
   (You found it in the Dungeon)

   [ring of poison resistance]

   It affects your strength (+4).
   It protects you from poison.
   It affects your resistance to hostile enchantments.
   It makes you more stealthy.
 H - an uncursed ring of fire
 I - an uncursed ring of fire
 P - a +6 ring of intelligence
 Q - a +4 ring of protection (left hand)
 R - a +4 ring of protection
Scrolls
 m - 10 scrolls of remove curse
 n - 2 scrolls of amnesia
 x - 6 scrolls of enchant armour
 y - 9 scrolls of identify
 z - 2 scrolls of enchant weapon
 A - 3 scrolls of fear
 N - 4 scrolls of fog
Potions
 d - 2 potions of mutation
 e - 3 potions of curing
 f - a potion of flight
 h - 9 potions of haste
 i - 4 potions of magic
 l - a potion of invisibility
 v - 6 potions of agility
 F - a potion of lignification {unknown}
 W - 2 potions of might
Miscellaneous
 b - a phial of floods
Comestibles
 B - 16 rations


   Skills:
 O Level 27(25.7) Fighting
 O Level 27(25.7) Axes
 O Level 27(25.7) Armour
 + Level 20.0(18.9) Dodging
 + Level 23.6(22.4) Stealth
 O Level 27(25.7) Shields
 + Level 14.1(13.1) Evocations


You had 17 spell levels left.
You didn't know any spells.

Dungeon Overview and Level Annotations

Branches:
Dungeon (1/1)

Altars:
Cheibriados
Dithmenos
Elyvilon
Fedhas
Gozag
Hepliaklqana
Kikubaaqudgha
Makhleb
Nemelex Xobeh
Okawaru
Qazlal
Ru
Sif Muna
Trog
Uskayaw
Vehumet
Wu Jian
Xom
Yredelemnul
Zin
The Shining One
Beogh
Jiyva
Lugonu

Shops:
D }?[[!

Annotations:
D Antaeus, Asmodeus, Cerebov, Ereshkigal


Innate Abilities, Weirdness & Mutations

You reflexively headbutt those who attack you in melee.
You have a pair of horns on your head.
You are clumsy. (Dex -2)
You expend magic power (3 MP) to strengthen your wands.


Message History

Ereshkigal is engulfed in blazing flames.
Ereshkigal gestures.
The hell beast is engulfed in blazing flames.
Ereshkigal is engulfed in blazing flames.
Ereshkigal hits you!
You feel drained. The reaper hits you but does no damage.
The hell beast is engulfed in blazing flames.
Ereshkigal is engulfed in blazing flames.
The reaper hits you with an antimagic scythe!
* * * LOW HITPOINT WARNING * * *
You feel your power leaking away.
The hell beast is engulfed in blazing flames.
Ereshkigal is engulfed in blazing flames.
Antaeus gestures at you.
Helpless, you fail to dodge the flash freeze.
* * * LOW HITPOINT WARNING * * *
You are encased in ice.
The hell beast is engulfed in blazing flames.
Antaeus hits you!!!
You die...
Your body crumbles into a pile of gold.

.▓.▓.▓.▓.▓.▓.▓.▓,*
'▓.▓.▓.▓.▓.▓.▓.▓.▓
.▓.▓.▓.▓'▓.▓[▓.▓2▓
)▓.▓.▓.▓.▓.▓'▓.▓&▓
.▓.▓.▓.▓.▓.▓.▓.▓2▓
.▓.▓.▓.▓.▓.▓.▓.▓&▓
.▓.▓.▓.▓.▓.▓.▓.▓&▓
.▓.▓0▓.▓.▓.▓.▓.▓C▓
)▓.▓.▓.▓[▓.▓.▓.▓@▓
.▓.▓.▓.▓.▓.▓.▓.▓2▓
d▓.▓.▓.▓.▓.▓.▓.▓.▓
'▓.▓.▓.▓.▓.▓.▓.▓.▓
.▓.▓.▓.▓∩▓.▓.▓.▓φ▓
.▓.▓.▓.▓.▓.▓.▓.▓.▓
.▓.▓'▓.▓.▓.▓.▓.▓.▓
)▓.▓.▓.▓.▓.▓'▓.▓.▓
.▓.▓.▓.▓.▓.▓.▓.▓.▓


You could see Antaeus, Cerebov, Asmodeus, Ereshkigal, a hell beast, a reaper and
a blizzard demon.

Vanquished Creatures
  Gloorx Vloq (D)
  Lom Lobon (D)
  Mnoleg (D)
  Dispater (D)
  4 orbs of fire (D)
  Geryon (D)
  A golden dragon (D)
  A bone dragon (D)
  An electric golem (D)
  An Orb Guardian (D)
  An acid blob (D)
  A death cob (D)
  4 shadow dragons (D)
  Gastronok (D)
  A storm dragon (D)
  3 azure jellies (D)
  2 nagarajas (D)
  3 ghost moths (D)
  4 emperor scorpions (D)
  A vault warden (D)
  A very ugly thing (D)
  A draconian shifter (D)
  A stone giant (D)
  3 vampire knights (D)
  Sonja (D)
  3 death oozes (D)
  An ettin (D)
  A merfolk javelineer (D)
  A merfolk impaler (D)
  A fire dragon (D)
  A yaktaur captain (D)
  A great orb of eyes (D)
  7 vault guards (D)
  5 ice dragons (D)
  2 naga warriors (D)
  A ghost crab (D)
  6 hydras (D)
  A merfolk avatar (D)
  2 two-headed ogres (D)
  3 centaur warriors (D)
  A deep troll earth mage (D)
  2 ogre magi (D)
  Urug (D)
  A tengu warrior (D)
  3 swamp dragons (D)
  5 orc knights (D)
  An ironbrand convoker (D)
  3 orb spiders (D)
  3 wolf spiders (D)
  A cyclops (D)
  Joseph (D)
  A merfolk siren (D)
  4 black mambas (D)
  2 moths of wrath (D)
  5 guardian serpents (D)
  A naga mage (D)
  6 spiny frogs (D)
  2 rime drakes (D)
  A freezing wraith (D)
  2 komodo dragons (D)
  A demonic crawler (D)
  A guardian mummy (D)
  A jumping spider (D)
  6 polar bears (D)
  A troll (D)
  A hippogriff (D)
  A hornet (D)
  2 snapping turtles (D)
  A spriggan (shapeshifter) (D)
  6 redbacks (D)
  A golden eye (D)
  3 nagas (D)
  3 water moccasins (D)
  A porcupine (D)
  3 black bears (D)
  An ice beast (D)
  7 orc warriors (D)
  7 swamp drakes (D)
  2 crocodiles (D)
  4 bullfrogs (D)
  A crimson imp (D)
  2 howler monkeys (D)
  A jelly (D)
  A hound (D)
  An orc priest (D)
  6 orc wizards (D)
  A worker ant (D)
  3 shadow imps (D)
  4 ball lightnings (D)
  9 orcs (D)
  A ball python (D)
  A giant cockroach (D)
  A hobgoblin (D)
  A jackal skeleton (D)
  2 rats (D)
211 creatures vanquished.

Vanquished Creatures (collateral kills)
  the Royal Jelly (D)
  7 ancient liches (D)
  A Killer Klown (D)
  A golden dragon (D)
  Jory (D)
  An electric golem (D)
  23 Orb Guardians (D)
  2 deep elf blademasters (D)
  A quicksilver dragon (D)
  11 acid blobs (D)
  3 storm dragons (D)
  A shadow dragon (D)
  2 azure jellies (D)
  A ghost moth (D)
  A vault warden (D)
  Aizul (D)
  4 deep elf sorcerers (D)
  A draconian shifter (D)
  A green draconian (D)
  2 deep elf demonologists (D)
  5 vampire knights (D)
  3 deep elf annihilators (D)
  2 deep elf death magi (D)
  A merfolk impaler (D)
  2 death oozes (D)
  An ogre mage (D)
  A deep elf high priest (D)
  10 vault guards (D)
  A death knight (D)
  A tengu warrior (D)
  A deep troll shaman (D)
  An orc knight (D)
  An ironbrand convoker (D)
  3 moths of wrath (D)
  An ancient zyme (D)
  A merfolk (D)
  2 guardian mummies (D)
  2 raiju (D)
  A wind drake (shapeshifter) (D)
  11 spriggans (D)
  A golden eye (D)
  A chaos spawn (D)
  3 floating eyes (D)
122 creatures vanquished.

Vanquished Creatures (others)
  An orb of fire (D)
  Mara (D)
  Mennas (D)
  7 greater mummies (D)
  Margery (D)
  A curse toe (D)
  Nikola (D)
  6 Orb Guardians (D)
  A tentacled monstrosity (D)
  A titan (D)
  A quicksilver dragon (D)
  13 sphinxes (D)
  3 death cobs (D)
  2 shadow dragons (D)
  A tengu reaver (D)
  2 storm dragons (D)
  Ilsuiw (D)
  A fire giant (D)
  A frost giant (D)
  A draconian knight (D)
  A vault warden (D)
  Louise (D)
  A draconian shifter (D)
  A draconian scorcher (D)
  A draconian stormcaller (D)
  6 stone giants (D)
  A vampire knight (D)
  2 red draconians (D)
  A black draconian (D)
  3 white draconians (D)
  2 purple draconians (D)
  6 yellow draconians (D)
  4 mummy priests (D)
  2 merfolk javelineers (D)
  4 merfolk impalers (D)
  A fire dragon (D)
  An ice dragon (D)
  A hydra (D)
  A yaktaur captain (D)
  A great orb of eyes (D)
  8 vault guards (D)
  2 centaur warriors (D)
  A merfolk avatar (D)
  A deep troll shaman (D)
  A merfolk aquamancer (D)
  5 ogre magi (D)
  An alligator (D)
  A two-headed ogre (D)
  A naga sharpshooter (D)
  A deep troll earth mage (D)
  4 hell knights (D)
  A shadow wraith (D)
  A sea snake (D)
  A glowing orange brain (D)
  3 ironbrand convokers (D)
  4 necromancers (D)
  6 orc knights (D)
  An orc sorcerer (D)
  An ugly thing (D)
  5 moths of wrath (D)
  A vault sentinel (D)
  A black mamba (D)
  A guardian serpent (D)
  2 naga magi (D)
  4 yaktaurs (D)
  A kobold demonologist (D)
  5 freezing wraiths (D)
  A wandering mushroom (D)
  A troll (D)
  14 guardian mummies (D)
  2 merfolk (D)
  A jumping spider (shapeshifter) (D)
  2 hornets (D)
  A slime creature (D)
  A snapping turtle (D)
  A hippogriff (D)
  A neqoxec (D)
  3 large abominations (D)
  5 orc warriors (D)
  An orc priest (D)
  7 ball lightnings (D)
  A giant cockroach simulacrum (D)
194 creatures vanquished.

Grand Total: 527 creatures vanquished

Notes
Turn   | Place    | Note
-------+----------+-------------------------------------------
     0 | D        | equalderp2856 the Minotaur Fighter began the quest for the Orb.
     0 | D        | Reached XP level 1. HP: 19/19 MP: 0/0
    16 | D        | Noticed a worker ant
    16 | D        | Noticed a howler monkey
    19 | D        | Killed a howler monkey
    19 | D        | Reached skill level 5 in Fighting
    19 | D        | Reached skill level 5 in Armour
    19 | D        | Reached skill level 5 in Shields
    19 | D        | Reached XP level 2. HP: 30/30 MP: 1/1
    19 | D        | Reached XP level 3. HP: 37/37 MP: 2/2
    33 | D        | Reached XP level 4. HP: 22/44 MP: 3/3
   296 | D        | Found a roughly hewn altar of Beogh.
   296 | D        | Found a snail-covered altar of Cheibriados.
   296 | D        | Found a shadowy altar of Dithmenos.
   296 | D        | Found a white marble altar of Elyvilon.
   296 | D        | Found a blossoming altar of Fedhas.
   296 | D        | Found an opulent altar of Gozag.
   297 | D        | Found a hazy altar of Hepliaklqana.
   298 | D        | Found a viscous altar of Jiyva.
   299 | D        | Found an ancient bone altar of Kikubaaqudgha.
   300 | D        | Found a corrupted altar of Lugonu.
   301 | D        | Found a burning altar of Makhleb.
   302 | D        | Found a sparkling altar of Nemelex Xobeh.
   303 | D        | Found an iron altar of Okawaru.
   304 | D        | Became a worshipper of Gozag Ym Sagoz the Greedy
   339 | D        | Found a stormy altar of Qazlal.
   340 | D        | Found a sacrificial altar of Ru.
   341 | D        | Found a deep blue altar of Sif Muna.
   342 | D        | Found a bloodstained altar of Trog.
   343 | D        | Found a hide-covered altar of Uskayaw.
   344 | D        | Found a radiant altar of Vehumet.
   345 | D        | Found an ornate altar of the Wu Jian Council.
   346 | D        | Found a shimmering altar of Xom.
   347 | D        | Found a basalt altar of Yredelemnul.
   348 | D        | Found a glowing silver altar of Zin.
   349 | D        | Found a glowing golden altar of the Shining One.
   411 | D        | Noticed an orc warrior
   414 | D        | Killed an orc warrior
   414 | D        | Reached skill level 5 in Axes
   414 | D        | Reached XP level 5. HP: 34/52 MP: 4/4
   415 | D        | Reached skill level 1 in Dodging
   433 | D        | Reached XP level 6. HP: 25/62 MP: 5/5
   614 | D        | Noticed an ice beast
   614 | D        | Noticed a centaur warrior
   614 | D        | Noticed a hippogriff
   622 | D        | Killed a hippogriff
   622 | D        | Reached skill level 10 in Armour
   633 | D        | Killed a centaur warrior
   633 | D        | Reached skill level 10 in Fighting
   633 | D        | Reached skill level 10 in Shields
   633 | D        | Reached XP level 7. HP: 22/72 MP: 6/6
   633 | D        | Reached XP level 8. HP: 24/79 MP: 7/7
   878 | D        | Noticed a spiny frog
   878 | D        | Noticed a spiny frog
   878 | D        | Noticed a spiny frog
   881 | D        | Killed a spiny frog
   883 | D        | Noticed a rime drake
   900 | D        | Killed a spiny frog
   900 | D        | Reached XP level 9. HP: 45/89 MP: 8/8
   902 | D        | Noticed a komodo dragon
  1124 | D        | Killed a spiny frog
  1124 | D        | Reached skill level 5 in Dodging
  1124 | D        | Reached skill level 1 in Stealth
  1133 | D        | Killed a rime drake
  1137 | D        | Killed a komodo dragon
  1301 | D        | Noticed a spiny frog
  1301 | D        | Noticed a polar bear
  1301 | D        | Noticed a rime drake
  1311 | D        | Reached skill level 15 in Axes
  1315 | D        | Noticed a komodo dragon
  1316 | D        | Killed a rime drake
  1325 | D        | Killed a polar bear
  1327 | D        | Killed a spiny frog
  1327 | D        | Reached XP level 10. HP: 82/97 MP: 9/9
  1675 | D        | Noticed Gastronok
  1689 | D        | Killed Gastronok
  1837 | D        | Noticed an ettin
  1848 | D        | Killed an ettin
  1848 | D        | Reached XP level 11. HP: 110/110 MP: 10/10
  1931 | D        | Noticed an orc knight
  1937 | D        | Noticed an orc knight
  1950 | D        | Noticed an orc sorcerer
  1950 | D        | Killed an orc knight
  1963 | D        | Killed an orc sorcerer
  1970 | D        | Killed an orc knight
  1981 | D        | Reached skill level 15 in Shields
  2059 | D        | Found Qaorino's Armour Boutique.
  2059 | D        | Noticed an orc knight
  2059 | D        | Noticed an orc knight
  2059 | D        | Noticed an orc knight
  2061 | D        | Noticed an orc knight
  2065 | D        | Found Tububeibu's Magic Scroll Shop.
  2065 | D        | Noticed an orc knight
  2071 | D        | Killed an orc knight
  2073 | D        | Killed an orc knight
  2074 | D        | Found Revyubb's Food Boutique.
  2097 | D        | Killed an orc knight
  2130 | D        | Noticed an orc knight
  2132 | D        | Noticed an orc knight
  2141 | D        | Found Gicuh's Gadget Shop.
  2146 | D        | Killed an orc knight
  2150 | D        | Killed an orc knight
  2158 | D        | Reached skill level 15 in Fighting
  2327 | D        | Noticed Sonja
  2345 | D        | Killed Sonja
  2345 | D        | Reached skill level 15 in Armour
  2345 | D        | Reached skill level 1 in Evocations
  2637 | D        | Noticed Urug
  2801 | D        | Noticed a two-headed ogre
  2801 | D        | Noticed a two-headed ogre
  2801 | D        | Noticed a centaur warrior
  2803 | D        | Killed a two-headed ogre
  2816 | D        | Killed a centaur warrior
  2819 | D        | Noticed an ogre mage
  2822 | D        | Noticed a red ugly thing
  2825 | D        | Noticed a fire dragon
  2826 | D        | Noticed a stone giant
  2826 | D        | Killed an ogre mage
  2827 | D        | Noticed an ogre mage
  2828 | D        | Killed a red ugly thing
  2831 | D        | Killed a fire dragon
  2931 | D        | Noticed Aizul
  2987 | D        | Noticed an orb spider
  2987 | D        | Noticed a wolf spider
  2987 | D        | Noticed an orb spider
  2999 | D        | Killed a wolf spider
  3016 | D        | Noticed an orb spider
  3026 | D        | Killed an orb spider
  3035 | D        | Killed an orb spider
  3052 | D        | Killed an orb spider
  3311 | D        | Noticed an alligator
  3311 | D        | Noticed a seven-headed hydra
  3359 | D        | Killed an alligator
  3360 | D        | Killed a seven-headed hydra
  3447 | D        | Reached XP level 12. HP: 124/124 MP: 12/12
  3536 | D        | Noticed a ghost crab
  3545 | D        | Killed a ghost crab
  3688 | D        | Noticed a merfolk impaler
  3689 | D        | Noticed a merfolk javelineer
  3977 | D        | Noticed Joseph
  3987 | D        | Killed Joseph
  4069 | D        | Noticed a frost giant
  4069 | D        | Noticed a stone giant
  4069 | D        | Noticed an ogre mage
  4069 | D        | Noticed a stone giant
  4070 | D        | Noticed a fire giant
  4071 | D        | Noticed a white very ugly thing
  4075 | D        | Killed an ogre mage
  4076 | D        | Noticed a tengu warrior
  4077 | D        | Noticed a tengu warrior
  4083 | D        | Killed a tengu warrior
  4086 | D        | Killed a white very ugly thing
  4087 | D        | Noticed a deep troll shaman
  4088 | D        | Noticed a centaur warrior
  4089 | D        | Noticed an ogre mage
  4090 | D        | Noticed an ogre mage
  4092 | D        | Killed an ogre mage
  4092 | D        | Killed a deep troll shaman
  4105 | D        | Killed a centaur warrior
  4109 | D        | Noticed a stone giant
  4117 | D        | Noticed an ice dragon
  4117 | D        | Noticed a great orb of eyes
  4127 | D        | Killed an ice dragon
  4199 | D        | Noticed an ogre mage
  4212 | D        | Killed an ogre mage
  4216 | D        | Noticed a vault guard
  4217 | D        | Noticed a green draconian stormcaller
  4224 | D        | Killed a centaur warrior
  4246 | D        | Killed a green draconian stormcaller
  4250 | D        | Killed a stone giant
  4295 | D        | Killed a frost giant
  4297 | D        | Killed a stone giant
  4552 | D        | Killed a stone giant
  4647 | D        | Killed a great orb of eyes
  4716 | D        | Killed a vault guard
  4726 | D        | Noticed a vault warden
  4742 | D        | Killed a vault warden
  4746 | D        | Noticed a centaur warrior
  4749 | D        | Killed a tengu warrior
  4749 | D        | Reached XP level 13. HP: 122/137 MP: 14/14
  5308 | D        | Noticed Mennas
  5466 | D        | Got the +0 pair of boots of the Shrike {rF+}
  5655 | D        | Noticed Louise
  5719 | D        | Noticed an emperor scorpion
  5719 | D        | Noticed an emperor scorpion
  5719 | D        | Noticed an emperor scorpion
  5726 | D        | Killed a ghost moth
  5755 | D        | Killed Louise
  5861 | D        | Killed an emperor scorpion
  5885 | D        | Killed an emperor scorpion
  5970 | D        | Killed an emperor scorpion
  6062 | D        | Killed a ghost moth
  6304 | D        | Noticed an emperor scorpion
  6308 | D        | Killed a ghost moth
  6738 | D        | Killed an emperor scorpion
  7050 | D        | Got a gossamer rune of Zot
  7058 | D        | Noticed a nagaraja
  7064 | D        | Noticed a nagaraja
  7070 | D        | Killed a nagaraja
  7090 | D        | Killed a nagaraja
  7090 | D        | Reached skill level 10 in Dodging
  7289 | D        | Got a serpentine rune of Zot
  7296 | D        | Noticed a merfolk impaler
  7296 | D        | Noticed a merfolk impaler
  7296 | D        | Noticed a merfolk impaler
  7301 | D        | Noticed Ilsuiw
  7306 | D        | Killed a merfolk impaler
  7306 | D        | Reached XP level 14. HP: 127/151 MP: 15/15
  7312 | D        | Your ally died
  7340 | D        | Got a barnacled rune of Zot
  8046 | D        | Bought a ration for 50 gold pieces
  8046 | D        | Bought a ration for 50 gold pieces
  8046 | D        | Bought a ration for 50 gold pieces
  8046 | D        | Bought a ration for 50 gold pieces
  8046 | D        | Bought a ration for 50 gold pieces
  8046 | D        | Bought a ration for 50 gold pieces
  8046 | D        | Bought a ration for 50 gold pieces
  8046 | D        | Bought a ration for 50 gold pieces
  8056 | D        | Bought the +3 crown of Dyrovepreva {rElec Int+2 SInv} for 455 gold pieces
  8056 | D        | Found the +3 crown of Dyrovepreva {rElec Int+2 SInv}
  8056 | D        | Bought a +1 pair of gloves for 126 gold pieces
  8056 | D        | Bought a scarf of cloud immunity for 77 gold pieces
  8074 | D        | Bought a scroll of blinking for 90 gold pieces
  8074 | D        | Bought a scroll of identify for 24 gold pieces
  8074 | D        | Bought a scroll of identify for 24 gold pieces
  8074 | D        | Bought a scroll of identify for 24 gold pieces
  8074 | D        | Bought a scroll of enchant armour for 90 gold pieces
  8074 | D        | Bought a scroll of identify for 24 gold pieces
  8078 | D        | Bought a phial of floods for 440 gold pieces
  8078 | D        | Bought a wand of scattershot (7) for 363 gold pieces
  9129 | D        | Got a decaying rune of Zot
  9196 | D        | Noticed Jory
  9312 | D        | Noticed a stone giant
  9312 | D        | Noticed a sphinx
  9321 | D        | Killed a sphinx
  9346 | D        | Killed a stone giant
  9381 | D        | Noticed a shadow dragon
  9395 | D        | Killed a shadow dragon
  9401 | D        | Noticed a shadow dragon
  9403 | D        | Noticed a vault warden
  9417 | D        | Noticed an Orb Guardian
  9417 | D        | Noticed an Orb Guardian
  9420 | D        | Killed an Orb Guardian
  9424 | D        | Killed a vault warden
  9487 | D        | Killed a shadow dragon
  9488 | D        | Noticed an Orb Guardian
  9490 | D        | Killed an Orb Guardian
  9646 | D        | Noticed Margery
  9647 | D        | Noticed a tengu reaver
  9673 | D        | Noticed a shadow dragon
  9673 | D        | Noticed a tentacled monstrosity
  9673 | D        | Noticed a vault warden
  9673 | D        | Noticed a stone giant
  9673 | D        | Noticed a shadow dragon
  9687 | D        | Killed a shadow dragon
  9688 | D        | Noticed a titan
  9700 | D        | Killed a shadow dragon
  9700 | D        | Reached skill level 5 in Stealth
  9701 | D        | Killed a shadow dragon
  9846 | D        | Got a silver rune of Zot
 10001 | D        | Got the ring "Pialo" {Fire +Blink Str+6}
 10105 | D        | Got the amulet "Viupit" {+Rage rC+}
 10107 | D        | Got the amulet of Mucookar {Faith rF+ Int+3}
 10109 | D        | Got the ring "Loaclong" {rPois MR- Str+4 Stlth+}
 10124 | D        | Got the amulet "Rir Ceene" {Reflect rPois SH+2}
 10136 | D        | Got the +5 double sword of Trog's Benevolence {elec, rElec rF+ rN+ Str-4 Int+3}
 10237 | D        | Noticed Mara
 10239 | D        | Noticed Nikola
 10287 | D        | Noticed a shadow dragon
 10287 | D        | Noticed a stone giant
 10288 | D        | Noticed a storm dragon
 10295 | D        | Killed a shadow dragon
 10299 | D        | Killed a stone giant
 10314 | D        | Killed a storm dragon
 10318 | D        | Paralysed by something for 4 turns
 10323 | D        | Killed a vampire knight
 10581 | D        | Noticed a storm dragon
 10581 | D        | Noticed a bone dragon
 10604 | D        | Killed a bone dragon
 10605 | D        | Killed a storm dragon
 10955 | D        | Bought a ration for 50 gold pieces
 10955 | D        | Bought a ration for 50 gold pieces
 10955 | D        | Bought a ration for 50 gold pieces
 10955 | D        | Bought a ration for 50 gold pieces
 10955 | D        | Bought a ration for 50 gold pieces
 10955 | D        | Bought a ration for 50 gold pieces
 10955 | D        | Bought a ration for 50 gold pieces
 10955 | D        | Bought a ration for 50 gold pieces
 10955 | D        | Bought a ration for 50 gold pieces
 10955 | D        | Bought a ration for 50 gold pieces
 10959 | D        | Bought a shiny plate armour for 728 gold pieces
 10998 | D        | Bought a ration for 65 gold pieces
 10998 | D        | Bought a ration for 65 gold pieces
 10998 | D        | Bought a ration for 65 gold pieces
 10998 | D        | Bought a ration for 65 gold pieces
 10998 | D        | Bought a ration for 65 gold pieces
 10998 | D        | Bought a ration for 65 gold pieces
 10998 | D        | Bought a ration for 65 gold pieces
 10998 | D        | Bought a ration for 65 gold pieces
 10998 | D        | Bought a ration for 65 gold pieces
 10998 | D        | Bought a ration for 65 gold pieces
 10998 | D        | Bought a ration for 65 gold pieces
 11613 | D        | Killed a vault warden
 11617 | D        | Your ally died
 11933 | D        | Killed Aizul
 12165 | D        | Killed a stone giant
 12171 | D        | Killed Urug
 14099 | D        | Noticed a storm dragon
 14099 | D        | Noticed a death cob
 14099 | D        | Noticed an electric golem
 14099 | D        | Noticed a storm dragon
 14099 | D        | Noticed a death cob
 14104 | D        | Killed a storm dragon
 14104 | D        | Killed a death cob
 14106 | D        | Killed Nikola
 14144 | D        | Killed a death cob
 14465 | D        | Killed a stone giant
 14468 | D        | Killed a tengu reaver
 14471 | D        | Your ally died
 14471 | D        | Killed a storm dragon
 14474 | D        | Your ally died
 14474 | D        | Your ally died
 14474 | D        | HP: 7/157 [electric golem/bolt of lightning (34)]
 14501 | D        | Killed an electric golem
 14501 | D        | Reached skill level 5 in Evocations
 16204 | D        | Noticed a black draconian scorcher
 16204 | D        | Noticed a purple draconian monk
 16205 | D        | Noticed a death cob
 16209 | D        | Noticed a quicksilver dragon
 16209 | D        | Killed a black draconian scorcher
 16213 | D        | Killed a quicksilver dragon
 16373 | D        | Noticed a purple draconian shifter
 16373 | D        | Noticed a shadow dragon
 16373 | D        | Noticed a curse toe
 16385 | D        | Killed a purple draconian shifter
 16391 | D        | Killed a curse toe
 16592 | D        | Noticed a red draconian annihilator
 16598 | D        | Noticed a white draconian knight
 16608 | D        | Killed a shadow dragon
 16611 | D        | Noticed a storm dragon
 16618 | D        | Killed a storm dragon
 16683 | D        | Noticed a death cob
 16683 | D        | Noticed an orb of fire
 16686 | D        | Killed a ghost moth
 16686 | D        | Reached XP level 15. HP: 163/163 MP: 3/17
 16867 | D        | Noticed an Orb Guardian
 16867 | D        | Noticed an Orb Guardian
 16867 | D        | Noticed an Orb Guardian
 16867 | D        | Noticed an Orb Guardian
 16867 | D        | Noticed an Orb Guardian
 16867 | D        | Noticed an Orb Guardian
 16868 | D        | Noticed an Orb Guardian
 16869 | D        | Noticed an Orb Guardian
 16870 | D        | Noticed an Orb Guardian
 16871 | D        | Noticed an Orb Guardian
 16872 | D        | Killed an Orb Guardian
 16873 | D        | Killed an Orb Guardian
 16875 | D        | Killed an Orb Guardian
 16881 | D        | Killed an Orb Guardian
 16884 | D        | Killed an Orb Guardian
 16887 | D        | Killed an Orb Guardian
 16900 | D        | Noticed a storm dragon
 16900 | D        | Noticed an Orb Guardian
 16900 | D        | Noticed an Orb Guardian
 16900 | D        | Noticed an orb of fire
 16900 | D        | Noticed a quicksilver dragon
 16901 | D        | Noticed an Orb Guardian
 16909 | D        | Killed a quicksilver dragon
 16911 | D        | Killed an Orb Guardian
 16913 | D        | Killed an Orb Guardian
 16913 | D        | Killed a storm dragon
 16919 | D        | Killed an Orb Guardian
 16925 | D        | Killed an Orb Guardian
 17081 | D        | Killed a death cob
 17166 | D        | Killed an orb of fire
 17207 | D        | Noticed an ancient lich
 17216 | D        | Killed an ancient lich
 17241 | D        | Noticed an orb of fire
 17291 | D        | Killed an orb of fire
 17377 | D        | Noticed an electric golem
 17385 | D        | Killed an electric golem
 17467 | D        | Noticed an ancient lich
 17467 | D        | Noticed an ancient lich
 17467 | D        | Noticed an orb of fire
 17467 | D        | Noticed a Killer Klown
 17467 | D        | Noticed an Orb Guardian
 17467 | D        | Noticed an ancient lich
 17475 | D        | Killed an ancient lich
 17480 | D        | Killed an ancient lich
 17490 | D        | Killed an Orb Guardian
 17498 | D        | Killed an ancient lich
 17498 | D        | Reached skill level 10 in Stealth
 17501 | D        | Killed a Killer Klown
 17501 | D        | Reached XP level 16. HP: 174/174 MP: 19/19
 17503 | D        | Noticed an orb of fire
 17504 | D        | Noticed an Orb Guardian
 17505 | D        | Killed an Orb Guardian
 17511 | D        | Noticed a golden dragon
 17521 | D        | Killed a golden dragon
 17643 | D        | Gained mutation: You are clumsy. (Dex -2) [an orb of fire]
 17645 | D        | Killed an orb of fire
 17645 | D        | Reached skill level 27 in Shields
 17653 | D        | Gained mutation: You expend magic power (3 MP) to strengthen your wands. [an orb of fire]
 17658 | D        | Killed an orb of fire
 17677 | D        | Noticed an Orb Guardian
 17679 | D        | Noticed a golden dragon
 17683 | D        | Killed an Orb Guardian
 17688 | D        | Killed a golden dragon
 17767 | D        | Noticed an Orb Guardian
 17767 | D        | Noticed an Orb Guardian
 17767 | D        | Noticed an Orb Guardian
 17767 | D        | Noticed an Orb Guardian
 17767 | D        | Noticed an Orb Guardian
 17767 | D        | Noticed an Orb Guardian
 17770 | D        | Killed an Orb Guardian
 17770 | D        | Reached skill level 27 in Armour
 17771 | D        | Killed an Orb Guardian
 17773 | D        | Killed an Orb Guardian
 17773 | D        | Killed an Orb Guardian
 17774 | D        | Noticed an Orb Guardian
 17776 | D        | Killed an Orb Guardian
 17778 | D        | Killed an Orb Guardian
 17778 | D        | Killed an Orb Guardian
 17796 | D        | Noticed an Orb Guardian
 17797 | D        | Noticed an Orb Guardian
 17798 | D        | Noticed an Orb Guardian
 17811 | D        | Killed an Orb Guardian
 17813 | D        | Killed an Orb Guardian
 17813 | D        | Killed an Orb Guardian
 17913 | D        | Noticed an ancient lich
 17913 | D        | Noticed an ancient lich
 17927 | D        | Paralysed by a vampire knight for 2 turns
 17943 | D        | Killed an ancient lich
 17943 | D        | Reached skill level 27 in Axes
 17944 | D        | Killed an ancient lich
 17944 | D        | Reached skill level 27 in Fighting
 17946 | D        | Noticed an ancient lich
 17956 | D        | Killed an ancient lich
 17956 | D        | Reached skill level 15 in Stealth
 17956 | D        | Reached XP level 17. HP: 152/191 MP: 22/22
 18101 | D        | Noticed a deep elf blademaster
 18105 | D        | Noticed a deep elf blademaster
 18119 | D        | Killed a deep elf blademaster
 18121 | D        | Killed a deep elf blademaster
 18127 | D        | Reached skill level 15 in Dodging
 18127 | D        | Reached skill level 10 in Evocations
 18315 | D        | Got an elven rune of Zot
 18324 | D        | Noticed an acid blob
 18324 | D        | Noticed an acid blob
 18324 | D        | Noticed an acid blob
 18324 | D        | Noticed an acid blob
 18327 | D        | Killed an acid blob
 18329 | D        | Killed an acid blob
 18332 | D        | Noticed an acid blob
 18335 | D        | Killed an acid blob
 18335 | D        | Killed an acid blob
 18340 | D        | Noticed an acid blob
 18341 | D        | Killed an acid blob
 18342 | D        | Killed an acid blob
 18345 | D        | Noticed the Royal Jelly
 18346 | D        | Noticed an acid blob
 18348 | D        | Noticed an acid blob
 18348 | D        | Noticed an acid blob
 18348 | D        | Killed the Royal Jelly
 18349 | D        | Noticed an acid blob
 18350 | D        | Killed an acid blob
 18350 | D        | Killed an acid blob
 18351 | D        | Killed an acid blob
 18352 | D        | Killed an acid blob
 25196 | D        | Noticed an acid blob
 25199 | D        | Noticed an acid blob
 25206 | D        | Killed an acid blob
 25212 | D        | Killed an acid blob
 25228 | D        | Got a slimy rune of Zot
 25297 | D        | Bought a potion of curing for 45 gold pieces
 25297 | D        | Bought a potion of curing for 45 gold pieces
 25297 | D        | Bought a potion of might for 60 gold pieces
 25297 | D        | Bought a potion of heal wounds for 75 gold pieces
 25297 | D        | Bought a potion of mutation for 120 gold pieces
 25297 | D        | Bought a potion of haste for 150 gold pieces
 25297 | D        | Bought a potion of curing for 45 gold pieces
 25297 | D        | Bought a potion of haste for 150 gold pieces
 25548 | D        | Noticed a greater mummy
 25909 | D        | Killed a greater mummy
 26116 | D        | Noticed a greater mummy
 26116 | D        | Noticed a greater mummy
 26116 | D        | Noticed a greater mummy
 26122 | D        | Noticed a greater mummy
 26124 | D        | Noticed a greater mummy
 26129 | D        | Got a golden rune of Zot
 26493 | D        | Got an abyssal rune of Zot
 26706 | D        | Noticed Geryon
 26905 | D        | Killed a greater mummy
 26927 | D        | Killed a greater mummy
 26952 | D        | Killed Geryon
 26989 | D        | Noticed Mnoleg
 26989 | D        | Noticed Dispater
 26990 | D        | Noticed Gloorx Vloq
 26991 | D        | Noticed a tentacled monstrosity
 27063 | D        | Killed a greater mummy
 27351 | D        | Noticed a tentacled monstrosity
 27352 | D        | Noticed a tentacled monstrosity
 27371 | D        | Killed Mnoleg
 28527 | D        | Noticed an Ice Fiend
 28539 | D        | Noticed a Brimstone Fiend
 28554 | D        | Noticed a Brimstone Fiend
 28570 | D        | Noticed a Brimstone Fiend
 28982 | D        | Killed Dispater
 29070 | D        | HP: 8/190 [??? (6)]
 29071 | D        | HP: 1/189 [Gloorx Vloq] (7)]
 29076 | D        | HP: 7/191 [Gloorx Vloq/poison arrow (13)]
 29086 | D        | Killed Gloorx Vloq
 29086 | D        | HP: 8/189 [poison (dark miasma)]
 29818 | D        | Noticed Lom Lobon
 29898 | D        | Killed Lom Lobon
 29898 | D        | Reached XP level 18. HP: 41/200 MP: 27/27
 30298 | D        | Got an iron rune of Zot
 30302 | D        | Got a glowing rune of Zot
 30304 | D        | Noticed Ereshkigal
 30307 | D        | Noticed Asmodeus
 30309 | D        | Noticed Cerebov
 30314 | D        | Noticed Antaeus
 30323 | D        | Paralysed by Ereshkigal for 6 turns
 30329 | D        | Mangled by Antaeus

Skill      XL: |  1  2  3  4  5  6  7  8  9 10 11 12 13 14 15 16 17 |
---------------+----------------------------------------------------+-----
Fighting       | 5 6 7 8 10 11 12 14 16 19 21 23 24 27 | 27.0
Armour         | 5 6 7 8 11 12 13 14 15 16 17 19 24 27 | 27.0
Shields        | 5 6 7 8 10 11 12 14 16 18 21 24 26 27 | 27.0
Axes           | 3 4 5 6 11 13 15 18 19 21 22 24 25 27 | 27.0
Dodging        | 1 3 4 5 6 7 10 12 14 20 | 20.0
Stealth        | 1 2 3 4 6 10 15 23 | 23.6
Evocations     | 2 3 5 6 9 14 | 14.1

Action                   |  1- 3 |  4- 6 |  7- 9 | 10-12 | 13-15 | 16-18 || total
-------------------------+-------+-------+-------+-------+-------+-------++-------
Melee: War axe           |    22 |       |       |       |       |       ||    22
       Headbutt          |     4 |     7 |    19 |    83 |   126 |    80 ||   319
       Broad axe         |       |    41 |    81 |   343 |   506 |   259 ||  1230
Invok: Bribe Branch      |       |       |       |     1 |     5 |     4 ||    10
       Call Merchant     |       |       |       |       |     3 |     1 ||     4
       Potion Petition   |       |       |       |       |     2 |    14 ||    16
 Abil: Evoke Blink       |       |       |       |       |       |     1 ||     1
Evoke: Wand              |       |       |       |     6 |    11 |       ||    17
       Phial of floods   |       |       |       |       |     1 |     1 ||     2
  Use: Potion            |       |       |     3 |     5 |    11 |    12 ||    31
       Scroll            |       |       |       |     3 |     1 |     5 ||     9
 Stab: Distracted        |       |       |       |     2 |     9 |     4 ||    15
  Eat: Ration            |       |       |       |     4 |    11 |    12 ||    27
Armor: Scale mail        |     7 |       |       |       |       |       ||     7
       Chain mail        |       |    20 |    21 |    86 |    15 |       ||   142
       Ice dragon scales |       |       |       |       |   190 |       ||   190
       Plate armour      |       |       |       |       |    63 |    73 ||   136
Dodge: Dodged            |     4 |    11 |    10 |    56 |   170 |    51 ||   302
Block: Shield            |     8 |    29 |    31 |   160 |   246 |       ||   474
       Large shield      |       |       |       |       |   110 |   233 ||   343
       Reflection        |       |       |       |       |       |     4 ||     4
